 Dungeon Crawl Stone Soup version 0.18-a0-1180-g64ccc1e (webtiles) character file.

22 namelastname112 the Scratcher (level 2, 0/12 HPs)
             Began as a Felid Transmuter on Jan 27, 2016.
             Slain by an adder (4 damage)
             ... on level 2 of the Dungeon.
             The game lasted 00:01:15 (913 turns).

namelastname112 the Scratcher (Felid Transmuter)     Turns: 913, Time: 00:01:15

Health: 0/12       AC:  1    Str:  6    XL:     2   Next: 68%
Magic:  0/6        EV: 18    Int: 14    God:
Gold:   84         SH:  0    Dex: 16    Spells: 2 memorised, 2 levels left
                                        Lives:  0   Deaths: 0

rFire  . . .     SeeInvis +       - Unarmed
rCold  . . .     Gourm    .     (armour unavailable)
rNeg   . . .     Faith    .     (shield unavailable)
rPois  .         Spirit   .     (helmet unavailable)
rElec  .         Dismiss  .     (cloak unavailable)
rCorr  .         Reflect  .     (gloves unavailable)
SustAt .         Harm     .     (boots unavailable)
MR     .....                    (no amulet)
Stlth  +++.......               (no ring)
                                i - ring of stealth

@: very slightly contaminated, quick, not resistant to hostile enchantments,
fairly stealthy
A: no armour, no weapons or thrown items, claws 1, fangs 3, see invisible,
carnivore 3, speed 1, shaggy fur 1, slow metabolism 1, sharp paws
a: no special abilities


You were on level 2 of the Dungeon.
You were not hungry.

You visited 1 branch of the dungeon, and saw 2 of its levels.

You collected 84 gold pieces.

Inventory:

Missiles
 a - 8 arrows
Jewellery
 i - a ring of stealth (left paw)
Scrolls
 d - 2 scrolls of identify {unknown}
 f - a scroll of enchant weapon {unknown}
 h - a scroll of blinking {unknown}
Potions
 e - a potion of ambrosia {unknown}
 g - a potion of invisibility {unknown}
Books
 b - a book of Changes

   Spells                             Type                      Level
   a - Beastly Appendage              Transmutation                1
   b - Sticks to Snakes               Transmutation                2
   c - Spider Form                    Transmutation/Poison         3
   d - Ice Form                       Ice/Transmutation            4
   e - Blade Hands                    Transmutation                5
Comestibles
 c - a meat ration


   Skills:
 + Level 1.1 Fighting
 + Level 3.1 Dodging
 + Level 3.3 Unarmed Combat
 * Level 2.2 Spellcasting
 * Level 2.6 Transmutations


You had 2 spell levels left.
You knew the following spells:

 Your Spells              Type           Power        Failure   Level  Hunger
a - Beastly Appendage     Trmt           #.....       10%         1    #......
x - Sticks to Snakes      Trmt           #.......     14%         2    ###....


Dungeon Overview and Level Annotations

Branches:
Dungeon (2/15)

Altars:


Innate Abilities, Weirdness & Mutations

You cannot wear armour.
You are incapable of wielding weapons or throwing items.
You have sharp claws.
You have razor-sharp teeth.
You have supernaturally acute eyesight.
You are carnivorous and can eat meat at any time.
You cover ground quickly.
You are covered in fur (AC +1).
You have a slow metabolism.
Your sharp claws are effective at attacking unaware monsters.


Message History

You barely miss the adder. The adder barely misses you.
You miss the adder. The adder barely misses you. The adder bites you.
* * * LOW HITPOINT WARNING * * *
Casting: Sticks to Snakes
Confirm with . or Enter, or press ? or * to list all spells.
You create a snake!
You now have 9 arrows.
The adder closely misses you.
You swap places.
The adder closely misses your ball python.
Your ball python misses the adder.
Your ball python grabs the adder.
Your ball python constricts the adder.
The adder bites your ball python.
Your ball python dies!
Casting: Sticks to Snakes
Confirm with . or Enter, or press ? or * to list all spells.
You miscast Sticks to Snakes.
You are very lightly contaminated with residual magic.
The air around you crackles with energy!
Casting: Sticks to Snakes
Confirm with . or Enter, or press ? or * to list all spells.
You create a snake!
You now have 8 arrows.
The adder bites you.
You die...

###.#...#.#.#.##...###..#.
.....%..#..........###....
###:....#.#.#.##..........
###.....................
.#########.#.#.##...###S...
...........#.# #..........
##########.#.#.##.#.###....
#S#.#........S...#
########@#.####.#.###...#
.......S...####.#.###...#
########.................
########.#####.... #.#
#..## ### ####


You could see an adder and a friendly ball python.

Vanquished Creatures
  A giant gecko (D:1)
  A giant cockroach (D:2)
  A goblin (D:1)
  6 hobgoblins (D:1)
  3 bats (D:1)
  A giant newt (D:1)
  A kobold (D:1)
  5 rats (D:1)
19 creatures vanquished.

Vanquished Creatures (collateral kills)
  A worm (D:2)
1 creature vanquished.

Grand Total: 20 creatures vanquished

Notes
Turn   | Place    | Note
--------------------------------------------------------------
     0 | D:1      | namelastname112 the Felid Transmuter began the quest for the Orb.
     0 | D:1      | Reached XP level 1. HP: 9/9 MP: 4/4
   222 | D:1      | Reached XP level 2. HP: 6/12 MP: 6/6
   362 | D:1      | Learned a level 2 spell: Sticks to Snakes
   913 | D:2      | Slain by an adder

Vault maps used:
D:1:      eino_arrival_druids_welcome
D:2:      corner_web_ring, trog_butcher_becter

Action                   || total
-------------------------++-------
Melee: Unarmed           ||    58
 Cast: Sticks to Snakes  ||     4
 Stab: Sleeping          ||     3
  Eat: Chunk             ||     1
